 Dungeon Crawl Stone Soup version 0.20.1-1-g8b1a95d (webtiles) character file.

36 VirginKiller the Insei (level 3, -1/27 HPs)
             Began as a Demigod Transmuter on Oct 7, 2017.
             Slain by a kobold
             ... wielding a +0 whip
              (4 damage)
             ... on level 2 of the Dungeon.
             The game lasted 00:10:25 (781 turns).

VirginKiller the Insei (Demigod Transmuter)          Turns: 781, Time: 00:10:26

Health: -1/27      AC:  2    Str: 15    XL:     3   Next: 5%
Magic:  5/8        EV: 12    Int: 17    God:
Gold:   29         SH:  0    Dex: 16    Spells: 2/5 levels left

rFire    . . .     SeeInvis .     - Unarmed
rCold    . . .     Gourm    .   (no shield)
rNeg     . . .     Faith    .   b - +0 robe
rPois    .         Spirit   .   (no helmet)
rElec    .         Reflect  .   (no cloak)
rCorr    .         Harm     .   (no gloves)
MR       .....                  (no boots)
Stlth    +.........             (no amulet)
Regen    0.1/turn               (no ring)
MPRegen  0.2/turn               (no ring)

@: appendage
A: horns 2, high mp 1
a: End Transformation


You were on level 2 of the Dungeon.
You were not hungry.
You had grown temporary horns.
You visited 1 branch of the dungeon, and saw 2 of its levels.

You collected 29 gold pieces.

Inventory:

Missiles
 a - 6 arrows
 h - 13 poisoned needles
Armour
 b - a +0 robe (worn)
 n - a +2 pair of boots
Jewellery
 f - an uncursed ring of positive energy {unknown}
 i - an uncursed ring of poison resistance {unknown}
Scrolls
 e - a scroll of remove curse {unknown}
 g - 2 scrolls of identify {unknown}
 l - a scroll of enchant weapon {unknown}
 m - a scroll of recharging {unknown}
 o - a scroll of noise {unknown}
Books
 c - a book of Changes

   Spells                             Type                      Level
   a - Beastly Appendage              Transmutation                1
   b - Sticks to Snakes               Transmutation                2
   c - Spider Form                    Transmutation/Poison         3
   d - Ice Form                       Ice/Transmutation            4
   e - Blade Hands                    Transmutation                5
Comestibles
 d - a bread ration
 k - 3 royal jellies


   Skills:
 - Level 0.8 Fighting
 - Level 1.7 Dodging
 + Level 3.6 Unarmed Combat
 - Level 1.7 Spellcasting
 * Level 2.2 Transmutations


You had 2 spell levels left.
You knew the following spells:

 Your Spells              Type           Power        Failure   Level  Hunger
a - Beastly Appendage     Tmut           #.....       8%          1    #......
b - Sticks to Snakes      Tmut           #.......     12%         2    ###....


Dungeon Overview and Level Annotations

Branches:
Dungeon (2/15)


Innate Abilities, Weirdness & Mutations

You have an increased reservoir of magic. (+10% MP)
You have a pair of horns on your head.


Message History

Confirm with . or Enter, or press ? or * to list all spells.
You grow a pair of large bovine horns.
The adder bites you.
Your adder bites the adder but does no damage.
The adder bites you.
Unknown command.
You barely miss the adder.
Your adder closely misses the adder.
The adder misses you.
Your adder closely misses the adder.
The kobold barely misses you.
You hit the adder.
The adder is moderately wounded.
The adder barely misses you.
Your adder barely misses the adder.
The kobold hits you with a whip.
* * * LOW HITPOINT WARNING * * *
Unknown command.
You barely miss the adder.
The adder is moderately wounded.
The adder bites you.
* * * LOW HITPOINT WARNING * * *
Your adder barely misses the adder.
The kobold hits you with a whip.
You die...

# ####.
.....####
........#
......r.#
......g.## #
.###+###g# .####
###S###...(.
##.#.@S....###.
#...K....#.....
.......>#....###
.....##.#.##.##
.##.# #.#.# ...
.....#.#.# .###
.## #.#.#.##..#
.#.........#
............#


You could see an adder, a hobgoblin, a kobold and a friendly adder.

Vanquished Creatures
  A gnoll (D:1)
  A worm (D:2)
  3 leopard geckos (D:1)
  A giant cockroach (D:1)
  2 goblins (D:1)
  4 hobgoblins
  A quokka (D:2)
  4 bats
  2 frilled lizards (D:1)
  A kobold (D:1)
  A rat (D:1)
21 creatures vanquished.

Notes
Turn   | Place    | Note
-------+----------+-------------------------------------------
     0 | D:1      | VirginKiller the Demigod Transmuter began the quest for the Orb.
     0 | D:1      | Reached XP level 1. HP: 15/15 MP: 5/5
   154 | D:1      | Reached skill level 3 in Unarmed Combat
   180 | D:1      | Reached XP level 2. HP: 22/22 MP: 7/7
   239 | D:1      | Learned a level 2 spell: Sticks to Snakes
   312 | D:1      | HP: 1/22 [frilled lizard (2)]
   596 | D:2      | Reached XP level 3. HP: 16/27 MP: 4/8
   781 | D:2      | Slain by a kobold

Skill      XL: |  1  2 |
---------------+-------+-----
Unarmed Combat | 3 |  3.6
Transmutations | 2 |  2.2
Fighting       | |  0.8
Dodging        | |  1.7
Spellcasting   | |  1.7

Action                   || total
-------------------------++-------
Melee: Unarmed           ||    65
       Kick              ||     5
       Headbutt          ||     6
       Punch             ||     2
 Cast: Beastly Appendage ||    13
       Sticks to Snakes  ||     6
  Use: Potion            ||     2
 Stab: Sleeping          ||     3
       Distracted        ||     1
Armor: Robe              ||    15
       Skin              ||     2
Dodge: Dodged            ||    36
